 Dungeon Crawl Stone Soup version 0.24.0-13-gcf9b319 (webtiles) character file.

Game seed: 15673895272701261634, levelgen mode: deterministic

32 Fang the Skirmisher (level 3, -5/24 HPs)
             Began as a Gargoyle Berserker on Dec 9, 2019.
             Was a Follower of Trog.
             Slain by a gnoll
             ... wielding a +0 halberd
              (6 damage)
             ... on level 2 of the Dungeon.
             The game lasted 00:00:30 (1229 turns).

Fang the Skirmisher (Gargoyle Berserker)            Turns: 1229, Time: 00:00:31

Health: -5/24      AC:  5    Str: 21    XL:     3   Next: 27%
Magic:  3/3        EV: 12    Int:  7    God:    Trog [*.....]
Gold:   36         SH:  0    Dex:  9    Spells: 2/2 levels left

rFire    . . .     SeeInvis .   a - +0 hand axe
rCold    . . .     Gourm    .   (no shield)
rNeg     + . .     Faith    .   b - +0 animal skin
rPois    ∞         Spirit   .   (no helmet)
rElec    +         Reflect  .   (no cloak)
rCorr    .         Harm     .   (no gloves)
MR       .....                  (no boots)
Stlth    +.........             (no amulet)
HPRegen  0.08/turn              (no ring)
MPRegen  0.08/turn              (no ring)

@: berserk cooldown, slowed, very slow
A: negative energy resistance 1, electricity resistance, unbreathing,
petrification resistance, rot immunity, AC +3
a: Berserk, Renounce Religion


You were on level 2 of the Dungeon.
You worshipped Trog.
Trog was aware of your devotion.
You were near starving.

You visited 1 branch of the dungeon, and saw 2 of its levels.

You collected 36 gold pieces.

Inventory:

Hand Weapons
 a - a +0 hand axe (weapon)
Armour
 b - a +0 animal skin (worn)
Scrolls
 f - 2 scrolls of identify {unknown}
Potions
 d - a potion of agility {unknown}
 e - 2 potions of curing {unknown}
Comestibles
 c - a ration


   Skills:
 + Level 3.7 Fighting
 + Level 3.0 Axes
 + Level 2.7 Armour
 + Level 2.0 Dodging


You had 2 spell levels left.
You didn't know any spells.
Your spell library was empty.

Dungeon Overview and Level Annotations

Branches:
Dungeon (2/15)

Altars:


Innate Abilities, Weirdness & Mutations

You are resistant to torment.
Your stone body is resilient. (AC +3)
You are immune to poison.
You resist negative energy. (rN+)
You are resistant to electric shocks. (rElec)
You can survive without breathing.
You are immune to petrification.
You are immune to rotting.


Message History

You are exhausted.
You feel yourself slow down.
The gnoll hits you with a cursed -2 spear.
The gnoll completely misses you. x2
You hit the hobgoblin but do no damage. You hit the gnoll. x2
The hobgoblin misses you. The gnoll hits you but does no damage.
The gnoll misses you. The gnoll closely misses you. The hobgoblin hits you.
The gnoll hits you but does no damage.
The gnoll hits you from afar with a +0 halberd.
* * * LOW HITPOINT WARNING * * *
You are too injured to fight recklessly!
You hit the hobgoblin.
The hobgoblin is moderately wounded.
You closely miss the gnoll. You barely miss the gnoll. The gnoll misses you.
The hobgoblin hits you.
* * * LOW HITPOINT WARNING * * *
The gnoll hits you with a cursed -2 spear.
* * * LOW HITPOINT WARNING * * *
The gnoll closely misses you. The gnoll hits you with a +0 halberd.
You die...

#........#
#........#
#........#
#........#
#........##
#..)..<.g.#
#.....?gg.#
#.....g@..#
..........#
######....#
#...<#
######


You could see 3 gnolls and a hobgoblin.

Vanquished Creatures
  4 dart slugs (D:1)
  A leopard gecko (D:1)
  A giant cockroach (D:1)
  3 goblins (D:1)
  A hobgoblin (D:1)
  3 jackals (D:1)
  A ball python (D:1)
  3 bats (D:1)
  3 frilled lizards (D:1)
  A kobold (D:1)
  3 rats (D:1)
24 creatures vanquished.

Notes
Turn   | Place    | Note
-------+----------+-------------------------------------------
     0 | D:1      | Fang the Gargoyle Berserker began the quest for the Orb.
     0 | D:1      | Reached XP level 1. HP: 14/14 MP: 1/1
   265 | D:1      | Reached XP level 2. HP: 7/19 MP: 2/2
   745 | D:1      | Reached XP level 3. HP: 21/23 MP: 3/3
  1229 | D:2      | HP: 1/24 [gnoll/cursed -2 spear (1)]
  1229 | D:2      | Slain by a gnoll

Levels and vault maps discovered:
D:1:      tarquinn_simple_flora_water_a, layout_basic
D:2:      layout_rooms, nicolae_qazlal_eye_of_the_storm

Skill      XL: |  1  2  3 |
---------------+----------+-----
Axes           | 3 |  3.0
Dodging        | 2 |  2.0
Fighting       | |  3.7
Armour         | |  2.7

Action                   || total
-------------------------++-------
Melee: Hand axe          ||    62
Invok: Berserk           ||     1
Armor: Animal skin       ||    20
Dodge: Dodged            ||    47
